 Dungeon Crawl Stone Soup version 0.27.1-3-gb3d3a73c9e (webtiles) character file.

Game seed: 1167959739959010940

129 Atelerd the Digger (level 5, -1/31 HPs)
             Began as an Octopode Earth Elementalist on Oct 30, 2021.
             Succumbed to a kobold brigand's poison
             ... in a sewer.
             The game lasted 00:04:01 (3493 turns).

Atelerd the Digger (Octopode Earth Elementalist)    Turns: 3493, Time: 00:04:02

Health: -1/31      AC:  1    Str:  5    XL:     5   Next: 12%
Magic:  9/9        EV: 13    Int: 18    God:
Gold:   51         SH:  0    Dex: 13    Spells: 8/10 levels left

rFire    . . .     SeeInvis .   f - +3 dagger
rCold    + . .     Faith    .   (no shield)
rNeg     . . .     Spirit   .   (helmet restricted)
rPois    +         Reflect  .   (no amulet)
rElec    .         Harm     .   d - ring of protection from cold
rCorr    .         Rampage  .   (no ring)
Will     .....                  (no ring)
Stlth    ++++......             (no ring)
HPRegen  0.10/turn              (no ring)
MPRegen  0.11/turn              (no ring)
                                (no ring)
                                (no ring)

@: lethally poisoned (-1 -> -11)
A: almost no armour, amphibious, 8 rings, camouflage 1, gelatinous body 1,
nimble swimmer 1, tentacles, poison resistance, weak 1
a: no special abilities


You were in a sewer.
You visited 1 branch of the dungeon, and saw 3 of its levels.
You also visited: Sewer.

You collected 51 gold pieces.

Inventory:

Hand Weapons
 a - a +0 dagger
 f - a +3 dagger (weapon)
Jewellery
 d - a ring of protection from cold (left tentacle)
 h - a +6 ring of dexterity
Scrolls
 c - a scroll of enchant armour {unknown}
 i - a scroll of enchant weapon {unknown}


   Skills:
 - Level 2.0 Dodging
 - Level 2.6 Stealth
 + Level 3.1 Spellcasting
 + Level 2.7 Transmutations
 + Level 4.0 Earth Magic


You had 8 spell levels left.
You knew the following spells:

 Your Spells              Type           Power      Damage    Failure   Level
a - Sandblast             Erth           34%        2d9       3%          1
g - Magic Dart            Conj           8%         1d3       16%         1

Your spell library contained the following spells:

 Spells                   Type           Power      Damage    Failure   Level
 Passwall                 Tmut/Erth      12%        N/A       6%          2
 Stone Arrow              Conj/Erth      20%        3d8       21%         3
 Call Imp                 Summ           2%         N/A       24%         2
 Petrify                  Tmut/Erth      15%        N/A       36%         4
 Mephitic Cloud           Conj/Pois/Air  2%         N/A       43%         3


Dungeon Overview and Level Annotations

Branches:
Dungeon (3/15)              Sewer (1/1)

Altars:


Innate Abilities, Weirdness & Mutations

You cannot wear most types of armour.
You are amphibious.
You can wear up to eight rings at the same time.
Your skin changes colour to match your surroundings (Stealth+).
Your rubbery body absorbs attacks. (AC +1, EV +1)
You are camouflaged near water. (Stealth+)
You have tentacles for arms and can constrict up to eight enemies at once.
Your system is resistant to poisons. (rPois)
You are weak. (Str -2)


Message History

Your grab misses the kobold brigand.
The kobold brigand hits you with a +0 whip.
You hit the kobold brigand. Your grab misses the kobold brigand.
You squeeze the kobold brigand, but do no damage.
The kobold brigand is lightly wounded.
The kobold brigand hits you with a +0 whip.
You completely miss the kobold brigand. You grab the kobold brigand.
You constrict the kobold brigand, but do no damage.
The kobold brigand splashes around in the water.
You aren't carrying any items that you can evoke.
You completely miss the kobold brigand. You squeeze the kobold brigand.
The kobold brigand is lightly wounded.
You constrict the kobold brigand.
The kobold brigand hits you with a +0 whip.
* * * LOW HITPOINT WARNING * * *
Unknown command.
You hit the kobold brigand.
The kobold brigand is moderately wounded.
You constrict the kobold brigand, but do no damage.
The kobold brigand hits you with a +0 whip!
* * * LOW HITPOINT WARNING * * *
Unknown command.
Okay, then.
Blink to where?
Press: ? - help, Dir - move target, p - kobold brigand You lose your grip on the kobold brigand.
Floosh!
As you read the scroll labelled PUAFYOM MOASA, it crumbles to dust.
It was a scroll of blinking.
The kobold brigand shouts!
The kobold brigand throws a poisoned dart.
The poisoned dart closely misses you.
You aren't carrying any items that you can evoke.
Unknown command.
The kobold brigand throws a poisoned dart.
The poisoned dart hits you!
The kobold brigand throws a poisoned dart.
The poisoned dart hits you!
You are lethally poisoned!
You die...

##.≈≈≈...## ..≈≈≈
###.≈≈≈≈≈K≈.####≈...
##≈≈≈..≈≈...≈.≈######
#≈≈≈.≈#####≈.≈.≈#
#≈≈≈≈## ##..≈≈#
#≈≈≈## ##.≈.# #≈..#
#.≈.# #.K.# #.≈.#
##≈≈w## ##≈@≈##
#≈≈≈≈≈# #≈≈≈≈.#
#≈###≈# #≈###≈# #≈#
#≈# #.# #≈# ##≈###.##
#≈###≈## #≈≈≈#.≈≈#
≈.≈#.≈.# #≈#≈#≈#≈#
≈#≈#≈#≈# #≈#≈#≈#≈# #≈
≈#≈#≈# #≈#≈#≈#≈# #K
≈#≈#≈#


You could see a kobold brigand.

Vanquished Creatures
  6 adders
  A river rat (D:3)
  2 worms
  A dart slug (D:1)
  8 ball pythons
  3 bats (D:1)
  3 endoplasms (D:1)
  2 giant cockroaches (D:1)
  3 goblins (D:1)
  4 hobgoblins
  6 jackals (D:1)
  4 kobolds
  4 quokkas
  A frilled lizard (D:1)
  7 rats
  A spectral hobgoblin (D:1)
56 creatures vanquished.

Vanquished Creatures (others)
  3 plants (D:2)
3 creatures vanquished.

Grand Total: 59 creatures vanquished

Notes
Turn   | Place    | Note
-------+----------+-------------------------------------------
     0 | D:1      | Atelerd the Octopode Earth Elementalist began the quest for
                  | the Orb.
     0 | D:1      | Reached XP level 1. HP: 11/11 MP: 3/3
   175 | D:1      | Found a faded altar of an unknown god.
   649 | D:1      | Reached XP level 2. HP: 17/17 MP: 5/5
  1166 | D:1      | Reached XP level 3. HP: 16/21 MP: 6/6
  2276 | D:3      | Reached XP level 4. HP: 27/27 MP: 8/8
  2297 | D:3      | Gained mutation: Your system is resistant to poisons.
                  | (rPois) [potion of mutation]
  2297 | D:3      | Gained mutation: You are weak. (Str -2) [potion of
                  | mutation]
  2690 | D:3      | Found a glowing drain.
  2694 | Sewer    | Entered a sewer
  2819 | Sewer    | Reached skill level 4 in Earth Magic
  2824 | Sewer    | Learned a level 1 spell: Magic Dart
  2888 | Sewer    | Noticed a kobold brigand
  3080 | Sewer    | Reached XP level 5. HP: 31/31 MP: 2/9
  3148 | Sewer    | Noticed a kobold brigand
  3478 | Sewer    | HP: 1/31 [kobold brigand (7)]
  3493 | Sewer    | Succumbed to a kobold brigand's poison

Illustrated notes

Levels and vault maps discovered:
D:1:      dpeg_arrival_stonehenge_8_columns, layout_basic,
          dreamdust_ecumenical_altar_drowned_temple, minmay_misc_feat_ornament,
          hangedman_feature_mirror
D:2:      wad_woods_settlement, layout_basic
D:3:      layout_loops_corners, gammafunk_temple_overflow_pools,
          lightli_sewer_entry_pipes, serial_shops, nicolae_shop_window_shopping
Sewer:    sewer_co_tree

Skill      XL: |  1  2  3  4 |
---------------+-------------+-----
Transmutations | 2 |  2.7
Spellcasting   | 3 |  3.1
Earth Magic    | 4 |  4.0
Dodging        | |  2.0
Stealth        | |  2.6

Action                   |  1- 3 |  4- 6 || total
-------------------------+-------+-------++-------
Melee: Dagger            |    68 |    45 ||   113
       Unarmed           |     4 |       ||     4
       Constrict         |    18 |     9 ||    27
       Tentacles         |     9 |    11 ||    20
 Cast: Sandblast         |    34 |       ||    34
       Magic Dart        |       |    15 ||    15
  Use: Potion            |       |     2 ||     2
       Scroll            |       |     1 ||     1
 Stab: Sleeping          |     5 |     4 ||     9
Armor: Skin              |    11 |     1 ||    12
Dodge: Dodged            |    71 |    27 ||    98
